 Dungeon Crawl Stone Soup version 0.19-a0-1879-gd95bc26 (webtiles) character file.

46 Banto the Slasher (level 3, -2/24 HPs)
             Began as a High Elf Skald on Oct 13, 2016.
             Slain by an adder (5 damage)
             ... on level 2 of the Dungeon.
             The game lasted 00:02:08 (1357 turns).

Banto the Slasher (High Elf Skald)                  Turns: 1357, Time: 00:02:09

Health: -2/24      AC:  3    Str: 11    XL:     3   Next: 46%
Magic:  4/7        EV: 13    Int: 18    God:
Gold:   71         SH:  0    Dex: 15    Spells: 1 memorised, 5 levels left

rFire  . . .     SeeInvis .     e - +3 mace
rCold  . . .     Gourm    .     b - +0 leather armour
rNeg   . . .     Faith    .     (no shield)
rPois  .         Spirit   .     (no helmet)
rElec  .         Dismiss  .     (no cloak)
rCorr  .         Reflect  .     (no gloves)
MR     .....     Harm     .     (no boots)
Stlth  +.........               (no amulet)
                                (no ring)
                                (no ring)

@: lethally poisoned (-2 -> -7), infused
A: clever 1
a: no special abilities


You were on level 2 of the Dungeon.
You were not hungry.

You visited 1 branch of the dungeon, and saw 2 of its levels.

You collected 71 gold pieces.

Inventory:

Hand Weapons
 a - a +0 falchion
 e - a +3 mace (weapon)
Armour
 b - a +0 leather armour (worn)
Scrolls
 g - a scroll of teleportation
 h - 2 scrolls of magic mapping
Potions
 i - a potion of magic {unknown}
 n - a potion of brilliance {unknown}
 q - a potion of berserk rage {unknown}
 s - a potion of heal wounds {unknown}
Books
 c - a book of Battle

   Spells                             Type                      Level
   a - Infusion                       Charms                       1
   b - Shroud of Golubria             Charms/Translocation         2
   c - Song of Slaying                Charms                       2
   d - Spectral Weapon                Hexes/Charms                 3
   e - Regeneration                   Charms/Necromancy            3
Comestibles
 d - 2 bread rations
 f - a chunk of flesh


   Skills:
 - Level 2.0 Fighting
 + Level 3.7 Long Blades
 - Level 0.8 Armour
 + Level 2.8 Dodging
 - Level 2.4 Spellcasting
 - Level 3.6 Charms


You had 5 spell levels left.
You knew the following spells:

 Your Spells              Type           Power        Failure   Level  Hunger
a - Infusion              Chrm           ###.         6%          1    #......


Dungeon Overview and Level Annotations

Branches:
Dungeon (2/15)

Altars:
Cheibriados


Innate Abilities, Weirdness & Mutations

Your mind is acute. (Int +2)


Message History

You feel sick.
You take 1 damage, and have 10/24 hp.
The bat closely misses you.
Found 20 stones.
You see here 16 gold pieces.
You swing at nothing.
You feel sick. The bat barely misses you. The bat hits you but does no damage.
The bat misses you.
You take 1 damage, and have 9/24 hp.
You sock the bat!
You kill the bat!
The adder bites you.
* * * LOW HITPOINT WARNING * * *
You take 3 damage, and have 6/24 hp.
You now have 5/7 mp.
You hit the adder!
The adder is severely wounded.
You feel sick. The adder bites you.
* * * LOW HITPOINT WARNING * * *
You are more poisoned.
The adder poisons you! The adder bites you.
You die...

*,,,,,,,,,*,* #......#..#
*,,,,,,,,,*,* #......#..#
*,,,,,,,,,*,**#......#...
*,*,*+*****,,,+......#.#. *,*,*,*
######......#.#.
*******,*,*.####........####...
*,,,,,,,,,,...........#.#######
***,*****(.##.####.#.............
*,,,,,,,,.......@S...............
*,*,,,,**..#######.#............#
*,****,**,,* #......##≈≈≈.####.*
*,* *,**,,* #.....##≈≈≈≈≈.###.*
*,* *,,,,,***#.....#_≈≈.≈≈..#*+*
*,****,,,,,,,,+.....##≈≈≈≈≈....,,
*,,,,*,***,***#......#.≈≈≈.###.,.
*,**,*,*,,,,,,.......#....####...
*,**,*,*,*,**##.....##....#......


You could see an adder.

Vanquished Creatures
  An ooze (D:1)
  2 worms (D:2)
  3 dart slugs
  A leopard gecko (D:1)
  2 giant cockroaches
  A goblin (D:1)
  4 hobgoblins
  3 jackals (D:2)
  5 bats
  4 frilled lizards
  3 kobolds
29 creatures vanquished.

Notes
Turn   | Place    | Note
-------+----------+-------------------------------------------
     0 | D:1      | Banto the High Elf Skald began the quest for the Orb.
     0 | D:1      | Reached XP level 1. HP: 14/14 MP: 4/4
   346 | D:1      | Reached XP level 2. HP: 17/19 MP: 6/6
   959 | D:1      | Gained mutation: You are frail. (-10% HP) [potion of mutation]
   959 | D:1      | Lost mutation: You are frail. (-10% HP) [potion of mutation]
   959 | D:1      | Gained mutation: Your mind is acute. (Int +2) [potion of mutation]
   969 | D:2      | Reached XP level 3. HP: 22/24 MP: 7/7
  1302 | D:2      | Found a snail-covered altar of Cheibriados.
  1357 | D:2      | Slain by an adder

Vault maps used:
D:1:      scummos_arrival_gate
D:2:      kennysheep_slug_shrine, bloody_trog

Skill      XL: |  1  2 |
---------------+-------+-----
Long Blades    | 3 |  3.7
Dodging        | 2 |  2.8
Fighting       | |  2.0
Armour         | |  0.8
Spellcasting   | |  2.4
Charms         | |  3.6

Action                   || total
-------------------------++-------
Melee: Falchion          ||    12
       Mace              ||    65
 Cast: Infusion          ||     6
  Use: Scroll            ||     8
       Potion            ||     1
 Stab: Distracted        ||     1
       Sleeping          ||     1
  Eat: Chunk             ||     2
Armor: Leather armour    ||    23
Dodge: Dodged            ||    78
       Rpst.: Falchion   ||     6

Table legend:
 A = Turns spent in this place as a percentage of turns spent in the entire game.
 B = Non-inter-level travel turns spent in this place as a percentage of non-inter-level travel turns spent in the entire game.
 C = Inter-level travel turns spent in this place as a percentage of turns spent in this place.
 D = Turns resting spent in this place as a percentage of non-inter-level travel turns spent in this place.
 E = Turns spent auto-exploring this place as a percentage of non-inter-level travel turns spent in this place.
 F = Non-inter-level travel turns spent in this place divided by the number of levels of this place that you've seen.
                   A       B       C       D       E      F
               +-------+-------+-------+-------+-------+----------------------
         Total | 100.0 | 100.0 |   0.6 |   5.4 |  11.0 | 167.5
       Dungeon | 100.0 | 100.0 |   0.6 |   5.4 |  11.0 | 167.5
               +-------+-------+-------+-------+-------+----------------------

Table legend:
 A = Kills in this place as a percentage of kills in entire the game.
 B = Kills by you in this place as a percentage of kills by you in the entire game.
 C = Kills by friends in this place as a percentage of kills by friends in the entire game.
 D = Other kills in this place as a percentage of other kills in the entire game.
 E = Experience gained in this place as a percentage of experience gained in the entire game.
 F = Experience gained in this place divided by the number of levels of this place that you have seen.
                   A       B       C       D       E      F
               +-------+-------+-------+-------+-------+----------------------
         Total | 100.0 | 100.0 |  -nan |  -nan | 100.0 |  33.5
       Dungeon | 100.0 | 100.0 |  -nan |  -nan | 100.0 |  33.5
               +-------+-------+-------+-------+-------+----------------------
